 Dungeon Crawl Stone Soup version 0.24.0-123-gd5b16e6ec5 (webtiles) character file.

Game seed: 1004197044526955398, levelgen mode: deterministic

155 mortelune the Skirmisher (level 5, -8/42 HPs)
             Began as a Formicid Abyssal Knight on Dec 21, 2019.
             Was a Believer of Lugonu.
             Mangled by an orc warrior
             ... wielding a +0 flail
              (17 damage)
             ... on level 7 of the Dungeon.
             The game lasted 00:06:39 (2888 turns).

mortelune the Skirmisher (Formicid Abyssal Knight)  Turns: 2888, Time: 00:06:39

Health: -8/42      AC:  6    Str: 17    XL:     5   Next: 63%
Magic:  6/6        EV:  9    Int: 12    God:    Lugonu [**....]
Gold:   159        SH:  4    Dex: 12    Spells: 4/4 levels left

rFire    + . .     SeeInvis +   a - +1 falchion
rCold    . . .     Gourm    .   (no shield)
rNeg     . . .     Faith    .   k - +0 scale mail
rPois    .         Spirit   .   (helmet unavailable)
rElec    .         Reflect  .   (no cloak)
rCorr    .         Harm     .   (no gloves)
MR       .....                  (no boots)
Stlth    ..........             (no amulet)
HPRegen  0.14/turn              g - ring of protection from fire
MPRegen  0.10/turn              (no ring)

@: no status effects
A: permanent stasis, dig shafts and tunnels, four strong arms, antennae 3,
talons 1, large bone plates 1, agile 1
a: Dig, Shaft Self, Depart the Abyss, Bend Space, Renounce Religion


You were on level 7 of the Dungeon.
You worshipped Lugonu.
Lugonu was pleased with you.
You were hungry.

You visited 1 branch of the dungeon, and saw 5 of its levels.
You visited the Abyss 1 time.

You collected 159 gold pieces.

Inventory:

Hand Weapons
 a - a +1 falchion (weapon)
 l - a +0 rapier of speed
Armour
 b - a +0 leather armour
 k - a +0 scale mail (worn)
Jewellery
 g - a ring of protection from fire (left hand)
Scrolls
 d - a scroll of remove curse
 e - a scroll of immolation {unknown}
 h - a scroll of teleportation {unknown}
 j - 4 scrolls of identify
Potions
 i - a potion of curing
Comestibles
 c - 9 rations


   Skills:
 + Level 4.2 Fighting
 * Level 4.0 Long Blades
 + Level 3.5 Armour
 - Level 0.8 Dodging
 - Level 2.1 Invocations


You had 4 spell levels left.
You didn't know any spells.
Your spell library was empty.

Dungeon Overview and Level Annotations

Branches:
Dungeon (4/15)
 Temple: D:4-7

Altars:
Hepliaklqana
Kikubaaqudgha
Okawaru
Wu Jian
Zin

Annotations:
D:1 Terence
D:3 3 runed translucent doors, Nebesus's ghost, amateur MiFi


Innate Abilities, Weirdness & Mutations

You cannot be hasted, slowed, berserked, paralysed or teleported.
You can dig through walls and to a lower floor.
Your four strong arms can wield two-handed weapons with a shield.
You have a pair of large antennae on your head. (SInv)
You have sharp toenails.
You are partially covered in large bone plates. (SH +4)
You are agile. (Dex +2)


Message History

The shadow imp barely misses you.
You riposte.
You slash the shadow imp!
You kill the shadow imp!
Lugonu accepts your kill.
An orc comes into view. It is wielding a +0 hand axe.
The orc warrior hits you but does no damage.
You see here a jackal corpse.
Okay, then.
Okay, then.
You aren't carrying any items that you can evoke.
You barely miss the orc warrior.
The orc warrior hits you with a +0 flail!
You barely miss the orc warrior. The orc warrior barely misses you.
You hit the orc warrior but do no damage.
The orc warrior hits you with a +0 flail!
* * * LOW HITPOINT WARNING * * *
You closely miss the orc warrior. You claw the orc warrior.
The orc warrior is lightly wounded.
An orc comes into view.
The orc warrior hits you with a +0 flail!
You die...

#####..........
...#...........
{
...............
##.......h.....
#.............
#...#.........
#...##.#######
#..o...###....
#@#..?........
#o#........###
#o#(...o......
#o####.#######
#.###o##
#..#.## #.#†##
#.### #.#


You could see an orc warrior and 3 orcs.

Vanquished Creatures
  An orc wizard (D:3)
  A howler monkey skeleton (D:4)
  4 adders
  A shadow imp (D:7)
  5 dart slugs
  2 leopard geckos
  6 orcs
  5 bats
  3 giant cockroaches
  10 goblins
  A hobgoblin (D:2)
  6 jackals
  5 kobolds
  A quokka (D:2)
  3 frilled lizards
  4 rats
58 creatures vanquished.

Notes
Turn   | Place    | Note
-------+----------+-------------------------------------------
     0 | Abyss:1  | mortelune the Formicid Abyssal Knight began the quest for
                  | the Orb.
     0 | Abyss:1  | Reached XP level 1. HP: 18/18 MP: 2/2
    43 | Abyss:1  | Noticed a spriggan
    43 | Abyss:1  | a shapeshifter changed into a spriggan
    44 | D:1      | Escaped the Abyss
   385 | D:1      | Reached * piety under Lugonu
   592 | D:1      | Reached XP level 2. HP: 22/24 MP: 3/3
  1134 | D:2      | Found an ornate altar of the Wu Jian Council.
  1134 | D:2      | Found a glowing silver altar of Zin.
  1134 | D:2      | Found an ancient bone altar of Kikubaaqudgha.
  1139 | D:2      | Reached XP level 3. HP: 29/29 MP: 4/4
  1164 | D:2      | Found an iron altar of Okawaru.
  1241 | D:2      | Noticed Terence
  1264 | D:2      | Gained mutation: You occasionally shout uncontrollably at
                  | your foes. [potion of mutation]
  1264 | D:2      | Gained mutation: You have large cloven feet. [potion of
                  | mutation]
  1614 | D:2      | Found a hazy altar of Hepliaklqana.
  1782 | D:2      | Reached XP level 4. HP: 34/37 MP: 5/5
  1889 | D:2      | Lost mutation: You occasionally shout uncontrollably at
                  | your foes. [potion of mutation]
  1889 | D:2      | Lost mutation: You have large cloven feet. [potion of
                  | mutation]
  1889 | D:2      | Gained mutation: You are partially covered in large bone
                  | plates. (SH +4) [potion of mutation]
  1889 | D:2      | Gained mutation: You have sharp toenails. [potion of
                  | mutation]
  1889 | D:2      | Gained mutation: You are agile. (Dex +2) [potion of
                  | mutation]
  2180 | D:3      | Found a runed translucent gate.
  2180 | D:3      | Found a runed translucent gate.
  2181 | D:3      | Found a runed translucent gate.
  2183 | D:3      | Noticed Nebesus's ghost (amateur MiFi)
  2271 | D:3      | Reached XP level 5. HP: 40/42 MP: 6/6
  2293 | D:3      | Reached ** piety under Lugonu
  2546 | D:3      | Noticed an ogre
  2850 | D:4      | You fall into a shaft and drop 3 floors!
  2851 | D:7      | Noticed an orc warrior
  2888 | D:7      | Mangled by an orc warrior

Levels and vault maps discovered:
D:1:      dpeg_arrival_subterranean_lakeside_camping, layout_loops_corners
D:2:      layout_loops_cross, lemuel_round_altar,
          chequers_temple_overflow_statue_of_worship, okawaru_gym_becter,
          uniq_terence
D:3:      layout_loops_ring, ebering_ghost_rock_garden, first_ration
D:4:      layout_rooms, nicolae_overflow_hidden_temple, kennysheep_mini,
          minmay_temple_entry_metal_lava, serial_shops, shop, serial_aquarium,
          aquarium_bridge_square [aquarium_subvault_wall,
          aquarium_subvault_bridge, aquarium_subvault_window,
          aquarium_subvault_window], aquarium_window_1, aquarium_window_1,
          aquarium_view_2d
D:7:      layout_basic, grunt_ogre_cave

Skill      XL: |  1  2  3  4  5 |
---------------+----------------+-----
Long Blades    | 3 4 |  4.0
Armour         | 3 |  3.5
Fighting       | 4 |  4.2
Dodging        | |  0.8
Invocations    | |  2.1

Action                   |  1- 3 |  4- 6 || total
-------------------------+-------+-------++-------
Melee: Falchion          |    87 |    99 ||   186
       Kick              |     8 |    25 ||    33
Invok: Depart the Abyss  |     1 |       ||     1
 Abil: Dig               |       |     2 ||     2
  Use: Potion            |     3 |     2 ||     5
       Scroll            |     1 |     6 ||     7
  Eat: Chunk             |     3 |     3 ||     6
Armor: Leather armour    |    26 |       ||    26
       Scale mail        |       |    29 ||    29
Dodge: Dodged            |    45 |    36 ||    81
Block: Other             |       |    23 ||    23
       Rpst.: Falchion   |    14 |     8 ||    22
